 Dungeon Crawl Stone Soup version 0.21-a0-352-g5b8f553 (webtiles) character file.

55031 tidbits the Infuser (level 14, -6/111 HPs)
             Began as a Gnoll Skald on Oct 10, 2017.
             Was the Champion of Makhleb.
             Shot with a bolt by a naga sharpshooter (20 damage)
             ... on level 2 of the Snake Pit.
             The game lasted 01:33:49 (6616 turns).

tidbits the Infuser (Gnoll Skald)                   Turns: 6616, Time: 01:33:50

Health: -6/111     AC: 18    Str: 17    XL:     14   Next: 75%
Magic:  36/38      EV: 16    Int: 28    God:    Makhleb [******]
Gold:   308        SH:  0    Dex: 16    Spells: 17/34 levels left

rFire    . . .     SeeInvis .   a - +5 broad axe (elec)
rCold    + . .     Gourm    +   (no shield)
rNeg     . . .     Faith    .   B - +1 troll leather armour
rPois    +         Spirit   .   E - +3 hat of Pondering {ponderous, MR+ MP+10 Int+5}
rElec    .         Reflect  .   C - +2 cloak {+Inv}
rCorr    .         Harm     .   G - +0 pair of gloves
MR       ++...                  F - +2 pair of boots {run}
Stlth    ++++......             I - amulet of the gourmand
HPRegen  1.68/turn              i - ring of the Lotus Blossom {+Fly rPois Str+3 Int+4}
MPRegen  0.26/turn              P - ring of protection from cold

@: lethally poisoned (-6 -> -6), regenerating, constricted
A: distributed training, fangs 1, screaming 1, strong nose
a: Minor Destruction, Lesser Servant of Makhleb, Major Destruction, Greater
Servant of Makhleb, Renounce Religion, Evoke Invisibility, Evoke Flight


You were on level 2 of the Snake Pit.
You worshipped Makhleb.
Makhleb was exalted by your worship.
You were very full.

You visited 4 branches of the dungeon, and saw 20 of its levels.
You also visited: Labyrinth and Ice Cave.

You collected 1836 gold pieces.
You spent 1528 gold pieces at shops.

Inventory:

Hand Weapons
 a - a +5 broad axe of electrocution (weapon)
   (You took it off an orc knight on level 2 of the Orcish Mines)
 c - a +2 morningstar of holy wrath
   (You took it off an orc priest on level 1 of the Orcish Mines)
 r - a +3 war axe of holy wrath
   (You took it off an orc warlord on level 2 of the Orcish Mines)
 R - a +3 dire flail
Missiles
 l - 19 tomahawks (quivered)
 H - 3 throwing nets {!f}
 L - 163 arrows
Armour
 t - the scarf of Untruth {rF+ Dex+5}
   (You found it on level 7 of the Dungeon)

   It affects your dexterity (+5).
   It protects you from fire.
 B - a +1 troll leather armour (worn)
 C - a +2 cloak of invisibility (worn)
   (You found it in a labyrinth)
 E - the +3 hat of Pondering (worn) {ponderous, MR+ MP+10 Int+5}
   (You took it off Gastronok on level 1 of the Lair of Beasts)

   It affects your intelligence (+5).
   It affects your resistance to hostile enchantments.
   It affects your magic capacity (+10).
 F - a +2 pair of boots of running (worn)
   (You bought it in a shop on level 11 of the Dungeon)
 G - a +0 pair of gloves (worn)
Magical Staves
 e - an uncursed staff of energy {!a}
   (You found it in an ice cave)
Jewellery
 i - the ring of the Lotus Blossom (left hand) {+Fly rPois Str+3 Int+4}
   (You found it in an ice cave)

   [ring of flight]

   It affects your strength (+3).
   It affects your intelligence (+4).
   It protects you from poison.
   It lets you fly.
 I - an amulet of the gourmand (around neck)
   (You found it on level 5 of the Dungeon)
 P - a ring of protection from cold (right hand)
   (You found it in an ice cave)
 Z - an uncursed ring of protection from fire
   (You found it in a labyrinth)
Wands
 s - a wand of random effects (15/48)
 x - a wand of iceblast (0/15)
 A - a wand of clouds (2/9)
 K - a wand of confusion (9/48)
 M - a wand of paralysis (4/24)
 O - a wand of digging (4/24)
 S - a wand of flame (6/48)
 T - a wand of flame (26/48)
Scrolls
 k - 2 scrolls of fear
 p - 2 scrolls of summoning
 y - 2 scrolls of magic mapping
 D - a scroll of identify
 J - 3 scrolls of amnesia
 N - a scroll of fog
 U - 7 scrolls of teleportation
 V - a scroll of torment
Potions
 b - 2 potions of brilliance
 f - 2 potions of curing
 g - 2 potions of flight
 h - 2 potions of cancellation
 j - a potion of resistance
 m - a potion of berserk rage
 n - a potion of haste
 o - a potion of mutation {!q}
 u - 5 potions of heal wounds
 Q - 3 potions of might
 W - a potion of agility
 X - a potion of ambrosia
Books
 v - a book of Changes
   (You found it on level 4 of the Dungeon)

   Spells                             Type                      Level
   a - Beastly Appendage              Transmutation                1
   b - Sticks to Snakes               Transmutation                2
   c - Spider Form                    Transmutation/Poison         3
   d - Ice Form                       Ice/Transmutation            4
   e - Blade Hands                    Transmutation                5
Miscellaneous
 q - a phantom mirror
 w - a box of beasts
Comestibles
 d - 5 bread rations
 z - a royal jelly


   Skills:
 + Level 10.3 Fighting
 + Level 9.3 Short Blades
 + Level 9.3 Long Blades
 + Level 10.3 Axes
 + Level 9.3 Maces & Flails
 + Level 9.3 Polearms
 + Level 9.3 Staves
 + Level 9.3 Slings
 + Level 9.3 Bows
 + Level 9.3 Crossbows
 + Level 9.3 Throwing
 + Level 9.7 Armour
 + Level 10.3 Dodging
 + Level 9.3 Stealth
 + Level 9.3 Shields
 + Level 9.3 Unarmed Combat
 + Level 10.5 Spellcasting
 + Level 9.3 Conjurations
 + Level 9.3 Hexes
 + Level 11.2 Charms
 + Level 9.3 Summonings
 + Level 9.3 Necromancy
 + Level 9.3 Translocations
 + Level 9.3 Transmutations
 + Level 9.3 Fire Magic
 + Level 9.3 Ice Magic
 + Level 9.3 Air Magic
 + Level 9.3 Earth Magic
 + Level 9.3 Poison Magic
 + Level 9.3 Invocations
 + Level 9.3 Evocations


You had 17 spell levels left.
You knew the following spells:

 Your Spells              Type           Power        Failure   Level  Hunger
b - Blink                 Tloc           N/A          1%          2    None
g - Shroud of Golubria    Chrm/Tloc      ######....   1%          2    None
k - Sticks to Snakes      Tmut           ######..     1%          2    None
m - Mephitic Cloud        Conj/Pois/Air  ######..     1%          3    None
r - Regeneration          Chrm/Necr      ######....   1%          3    None
w - Spectral Weapon       Hex/Chrm       ######..     1%          3    None
y - Song of Slaying       Chrm           ######..     1%          2    None


Dungeon Overview and Level Annotations

Branches:
Dungeon (13/15)              Lair (3/6) D:8           Snake (2/4) Lair:3
    Orc (2/2) D:11            Elf (0/3) Orc:2
 Temple: D:4-7        Swamp: Lair:2-4    Shoals: Lair:2-4    Vaults: D:13-14

Altars:
Ashenzari
Dithmenos
Elyvilon
Makhleb
Okawaru
Qazlal
Sif Muna
Trog
Uskayaw
Wu Jian

Shops:
D:11 [(   Orc:2 !!(?

Annotations:
Orc:2 zero's ghost, journeyman GrBe


Innate Abilities, Weirdness & Mutations

Your experience applies equally to all skills.
You have very sharp teeth.
Your uncanny sense of smell can sniff out nearby items.
You occasionally shout uncontrollably at your foes.


Message History

You slash the naga warrior!
The naga warrior is severely wounded.
You hit the naga mage.
Lightning courses through the naga mage!
You feel sick.
Your spectral weapon hits the naga warrior!
The naga warrior barely misses your spectral weapon.
The naga mage barely misses you. The naga mage constricts you.
Unknown command.
The naga warrior blocks your attack.
The naga warrior is severely wounded.
You closely miss the naga mage.
You feel sick.
Your spectral weapon hits the naga warrior!!
The naga mage spits poison at you. The splash of poison misses you.
The splash of poison hits your hellwing.
Your hellwing appears unharmed.
The naga mage constricts you.
The naga warrior hits your spectral weapon but does no damage.
The naga mage completely misses you. The naga mage constricts you.
Unknown command.
You hit the naga warrior but do no damage.
Lightning courses through the naga warrior!
You kill the naga warrior!
Makhleb accepts your kill.
You feel better.
You hit the naga mage but do no damage.
You feel sick. The naga mage hits you! The naga mage constricts you.
The naga mage completely misses you. The naga mage constricts you.
Unknown command.
You slice the naga mage!!
Lightning courses through the naga mage!
You kill the naga mage!
Makhleb accepts your kill.
You feel better.
Your skin is crawling a little less now.
You feel sick. The black mamba bites you!
You slash the black mamba!
Lightning courses through the black mamba!
The black mamba is almost dead.
You feel sick. The black mamba misses you. The black mamba closely misses you.
You barely miss the black mamba.
The black mamba is almost dead.
You feel sick. The black mamba misses you. The black mamba bites you!
The naga sharpshooter gestures wildly while chanting.
The naga sharpshooter magically shoots a bolt.
The bolt hits you but does no damage.
You slash the black mamba!
Lightning courses through the black mamba!
You kill the black mamba!
Makhleb accepts your kill.
You feel better.
You feel sick.
Your hellwing looks more healthy.
Your skin stops crawling.
You feel sick.
You feel sick.
Casting: Spectral Weapon
Confirm with . or Enter, or press ? or * to list all spells.
Your skin crawls.
You feel sick.
You swap places.
The naga warrior spits poison at you. The splash of poison hits you!
You resist.
You feel sick. The salamander misses you.
The naga warrior hits you with a scimitar!
The naga warrior grabs you. The naga warrior constricts you.
You slash the naga warrior!
The naga warrior is lightly wounded.
The salamander closely misses you. The naga warrior spits poison at you.
The splash of poison hits you!
You are more poisoned.
You resist. The naga warrior constricts you.
The naga sharpshooter gestures wildly while chanting.
The naga sharpshooter magically shoots a bolt.
The bolt hits you!!
* * * LOW HITPOINT WARNING * * *
You barely miss the naga warrior.
The naga warrior is lightly wounded.
You feel sick.
The salamander hits you from afar with a trident!
* * * LOW HITPOINT WARNING * * *
You are engulfed in flames!
* * * LOW HITPOINT WARNING * * *
Your hellwing hits the naga warrior but does no damage. x2
The naga sharpshooter gestures wildly while chanting.
The naga sharpshooter magically shoots a bolt.
The bolt hits you!
* * * LOW HITPOINT WARNING * * *
The naga warrior hits you but does no damage.
The naga warrior constricts you.
You feel much better.
You feel sick.
Your hellwing closely misses the naga warrior.
Your hellwing barely misses the naga warrior.
The salamander hits you from afar with a trident!
* * * LOW HITPOINT WARNING * * *
You are engulfed in flames!
* * * LOW HITPOINT WARNING * * *
The naga sharpshooter casts a spell.
The naga sharpshooter magically shoots a bolt.
The bolt hits you!!
You die...

####### .#.....#
......#
.....###### ####
#...#....# .....∆
#...#....#
#...###(.......#
#.NNN4...##.##
#....N###@...##.#
..#.. ##...##.#
..N #...##.# #.#
#####..# # #.##
#.# #.# ∆ #.# #.#


You could see a naga warrior, a naga sharpshooter, a salamander, a friendly
hellwing and a friendly spectral broad axe of electrocution.

Vanquished Creatures
  Gastronok (Lair:1)
  A frost giant (IceCv)
  An orc warlord (Orc:2)
  A minotaur (Lab)
  Harold (D:12)
  2 hydras
  3 two-headed ogres
  3 naga warriors (Snake:2)
  5 anacondas
  3 death yaks (IceCv)
  2 naga sharpshooters (Snake:2)
  3 orc high priests (Orc:2)
  An unseen horror (D:12)
  6 orc knights
  3 naga ritualists (Snake:2)
  A mana viper (Snake:2)
  An orc sorcerer (Orc:2)
  3 salamanders (Snake:2)
  An ugly thing (D:12)
  2 cyclopes
  Psyche (D:8)
  An ice statue (IceCv)
  6 black mambas
  A guardian serpent (Snake:2)
  4 naga magi (Snake:2)
  A spiny frog (Lair:3)
  A komodo dragon (Lair:1)
  3 rime drakes
  3 trolls
  10 polar bears (IceCv)
  4 slime creatures (D:12)
  Grinder (D:4)
  Prince Ribbit (Lair:1)
  2 hippogriffs (D:11)
  9 blink frogs (Lair:1)
  35 yaks
  Eustachio (D:7)
  4 wyverns
  The ghost of Yermak the Changer, an amateur DgTm (D:8)
  2 basilisks (D:8)
  A steam dragon (D:8)
  Menkaure (D:4)
  Edmund (D:4)
  2 wargs (Orc:2)
  16 nagas
  A soldier ant (D:12)
  Duvessa (D:4)
  4 porcupines
  A water moccasin (Lair:1)
  23 orc warriors
  3 black bears
  A necrophage (D:12)
  2 sky beasts
  2 phantoms
  11 ogres
  13 wolves
  3 centaurs
  A crocodile (D:8)
  2 big kobolds
  7 bullfrogs
  3 scorpions
  2 wyvern skeletons
  Dowan (D:4)
  5 wights (D:6)
  5 howler monkeys
  3 crimson imps
  4 bullfrog skeletons
  3 hounds
  A bullfrog zombie (D:9)
  11 orc priests
  3 jellies
  6 iguanas
  21 orc wizards
  9 worker ants
  2 hound zombies
  7 adders
  2 shadow imps
  An ooze (D:2)
  An adder skeleton (D:6)
  A worm (D:2)
  The ghost of p0werm0de the Skirmisher, a weakling FoCK of Xom (D:3)
  A dart slug (D:4)
  6 leopard geckos
  59 orcs
  4 giant cockroaches
  6 goblins
  6 hobgoblins
  11 jackals
  3 quokkas
  3 ball pythons
  8 bats
  A frilled lizard (D:4)
  3 kobolds
  A quokka skeleton (D:7)
  3 rats
  A spectral weapon (Orc:1)
439 creatures vanquished.

Vanquished Creatures (collateral kills)
  A two-headed ogre (Orc:2)
  2 orc sorcerers (Orc:2)
  Maurice (D:11)
  A polar bear (IceCv)
  An orc priest (Orc:2)
  An orc (Orc:1)
7 creatures vanquished.

Vanquished Creatures (others)
  An orc (Orc:1)
  9 spectral weapons
10 creatures vanquished.

Grand Total: 456 creatures vanquished

Notes
Turn   | Place    | Note
-------+----------+-------------------------------------------
     0 | D:1      | tidbits the Gnoll Skald began the quest for the Orb.
     0 | D:1      | Reached XP level 1. HP: 20/20 MP: 6/6
    55 | D:1      | Reached XP level 2. HP: 19/26 MP: 0/7
   138 | D:1      | Learned a level 2 spell: Song of Slaying
   141 | D:1      | Learned a level 2 spell: Shroud of Golubria
   246 | D:2      | Found a burning altar of Makhleb.
   248 | D:2      | Reached skill level 5 in Spellcasting
   248 | D:2      | Reached XP level 3. HP: 28/31 MP: 4/9
   250 | D:2      | Found a deep blue altar of Sif Muna.
   254 | D:2      | Became a worshipper of Makhleb the Destroyer
   278 | D:3      | Found a white marble altar of Elyvilon.
   286 | D:3      | Noticed p0werm0de's ghost (weakling FoCK)
   309 | D:2      | Learned a level 3 spell: Regeneration
   313 | D:2      | Learned a level 3 spell: Spectral Weapon
   439 | D:3      | Killed p0werm0de's ghost
   439 | D:3      | Reached skill level 1 in Short Blades
   439 | D:3      | Reached skill level 1 in Long Blades
   439 | D:3      | Reached skill level 1 in Maces & Flails
   439 | D:3      | Reached skill level 1 in Polearms
   439 | D:3      | Reached skill level 1 in Staves
   439 | D:3      | Reached skill level 1 in Slings
   439 | D:3      | Reached skill level 1 in Bows
   439 | D:3      | Reached skill level 1 in Crossbows
   439 | D:3      | Reached skill level 1 in Throwing
   439 | D:3      | Reached skill level 1 in Stealth
   439 | D:3      | Reached skill level 1 in Shields
   439 | D:3      | Reached skill level 1 in Unarmed Combat
   439 | D:3      | Reached skill level 1 in Conjurations
   439 | D:3      | Reached skill level 1 in Hexes
   439 | D:3      | Reached skill level 1 in Summonings
   439 | D:3      | Reached skill level 1 in Necromancy
   439 | D:3      | Reached skill level 1 in Translocations
   439 | D:3      | Reached skill level 1 in Transmutations
   439 | D:3      | Reached skill level 1 in Fire Magic
   439 | D:3      | Reached skill level 1 in Ice Magic
   439 | D:3      | Reached skill level 1 in Air Magic
   439 | D:3      | Reached skill level 1 in Earth Magic
   439 | D:3      | Reached skill level 1 in Poison Magic
   439 | D:3      | Reached skill level 1 in Invocations
   439 | D:3      | Reached skill level 1 in Evocations
   461 | D:3      | Found a hide-covered altar of Uskayaw.
   482 | D:3      | Reached XP level 4. HP: 36/38 MP: 6/11
   684 | D:4      | Noticed Duvessa
   684 | D:4      | Noticed Dowan
   693 | D:4      | Killed Dowan
   693 | D:4      | Reached XP level 5. HP: 28/43 MP: 4/12
   694 | D:4      | Killed Duvessa
   694 | D:4      | Reached skill level 3 in Armour
   695 | D:4      | Reached XP level 6. HP: 13/50 MP: 1/13
   704 | D:4      | Learned a level 2 spell: Sticks to Snakes
   737 | D:4      | Noticed Menkaure
   814 | D:3      | Reached skill level 5 in Fighting
   814 | D:3      | Reached skill level 2 in Short Blades
   814 | D:3      | Reached skill level 2 in Long Blades
   814 | D:3      | Reached skill level 5 in Axes
   814 | D:3      | Reached skill level 2 in Maces & Flails
   814 | D:3      | Reached skill level 2 in Polearms
   814 | D:3      | Reached skill level 2 in Staves
   814 | D:3      | Reached skill level 2 in Slings
   814 | D:3      | Reached skill level 2 in Bows
   814 | D:3      | Reached skill level 2 in Crossbows
   814 | D:3      | Reached skill level 2 in Throwing
   814 | D:3      | Reached skill level 5 in Dodging
   814 | D:3      | Reached skill level 2 in Stealth
   814 | D:3      | Reached skill level 2 in Shields
   814 | D:3      | Reached skill level 2 in Unarmed Combat
   814 | D:3      | Reached skill level 2 in Conjurations
   814 | D:3      | Reached skill level 2 in Hexes
   814 | D:3      | Reached skill level 2 in Summonings
   814 | D:3      | Reached skill level 2 in Necromancy
   814 | D:3      | Reached skill level 2 in Translocations
   814 | D:3      | Reached skill level 2 in Transmutations
   814 | D:3      | Reached skill level 2 in Fire Magic
   814 | D:3      | Reached skill level 2 in Ice Magic
   814 | D:3      | Reached skill level 2 in Air Magic
   814 | D:3      | Reached skill level 2 in Earth Magic
   814 | D:3      | Reached skill level 2 in Poison Magic
   814 | D:3      | Reached skill level 2 in Invocations
   814 | D:3      | Reached skill level 2 in Evocations
   851 | D:3      | Reached * piety under Makhleb
   900 | D:4      | Found a shattered altar of Ashenzari.
   908 | D:4      | Noticed Edmund
   917 | D:4      | Noticed a phantom
   919 | D:4      | Killed Edmund
   919 | D:4      | Reached XP level 7. HP: 37/56 MP: 3/15
   943 | D:4      | Reached skill level 7 in Charms
   968 | D:4      | Killed Menkaure
  1026 | D:5      | Entered Level 5 of the Dungeon
  1155 | D:4      | Noticed Grinder
  1161 | D:4      | Killed Grinder
  1161 | D:4      | Reached skill level 4 in Armour
  1161 | D:4      | Reached XP level 8. HP: 63/63 MP: 16/16
  1161 | D:4      | Reached skill level 3 in Short Blades
  1161 | D:4      | Reached skill level 3 in Long Blades
  1161 | D:4      | Reached skill level 3 in Maces & Flails
  1161 | D:4      | Reached skill level 3 in Polearms
  1161 | D:4      | Reached skill level 3 in Staves
  1161 | D:4      | Reached skill level 3 in Slings
  1161 | D:4      | Reached skill level 3 in Bows
  1161 | D:4      | Reached skill level 3 in Crossbows
  1161 | D:4      | Reached skill level 3 in Throwing
  1161 | D:4      | Reached skill level 3 in Stealth
  1161 | D:4      | Reached skill level 3 in Shields
  1161 | D:4      | Reached skill level 3 in Unarmed Combat
  1161 | D:4      | Reached skill level 3 in Conjurations
  1161 | D:4      | Reached skill level 3 in Hexes
  1161 | D:4      | Reached skill level 3 in Summonings
  1161 | D:4      | Reached skill level 3 in Necromancy
  1161 | D:4      | Reached skill level 3 in Translocations
  1161 | D:4      | Reached skill level 3 in Transmutations
  1161 | D:4      | Reached skill level 3 in Fire Magic
  1161 | D:4      | Reached skill level 3 in Ice Magic
  1161 | D:4      | Reached skill level 3 in Air Magic
  1161 | D:4      | Reached skill level 3 in Earth Magic
  1161 | D:4      | Reached skill level 3 in Poison Magic
  1161 | D:4      | Reached skill level 3 in Invocations
  1161 | D:4      | Reached skill level 3 in Evocations
  1287 | D:5      | Reached ** piety under Makhleb
  1287 | D:5      | Reached skill level 6 in Spellcasting
  1386 | D:5      | Learned a level 3 spell: Mephitic Cloud
  1389 | D:5      | Learned a level 2 spell: Blink
  1496 | D:7      | Found an ornate altar of the Wu Jian Council.
  1503 | D:7      | Got a shimmering scarf
  1514 | D:7      | Identified the scarf of Untruth {rF+ Dex+5} (You found it on level 7 of the Dungeon)
  1539 | D:6      | Noticed Eustachio
  1566 | D:7      | Killed Eustachio
  1624 | D:8      | Noticed Psyche
  1646 | D:8      | Killed Psyche
  1646 | D:8      | Reached skill level 6 in Fighting
  1646 | D:8      | Reached skill level 6 in Axes
  1646 | D:8      | Reached skill level 6 in Dodging
  1646 | D:8      | Reached XP level 9. HP: 60/69 MP: 8/18
  1856 | D:6      | Reached skill level 4 in Short Blades
  1856 | D:6      | Reached skill level 4 in Long Blades
  1856 | D:6      | Reached skill level 4 in Maces & Flails
  1856 | D:6      | Reached skill level 4 in Polearms
  1856 | D:6      | Reached skill level 4 in Staves
  1856 | D:6      | Reached skill level 4 in Slings
  1856 | D:6      | Reached skill level 4 in Bows
  1856 | D:6      | Reached skill level 4 in Crossbows
  1856 | D:6      | Reached skill level 4 in Throwing
  1856 | D:6      | Reached skill level 4 in Stealth
  1856 | D:6      | Reached skill level 4 in Shields
  1856 | D:6      | Reached skill level 4 in Unarmed Combat
  1856 | D:6      | Reached skill level 4 in Conjurations
  1856 | D:6      | Reached skill level 4 in Hexes
  1856 | D:6      | Reached skill level 4 in Summonings
  1856 | D:6      | Reached skill level 4 in Necromancy
  1856 | D:6      | Reached skill level 4 in Translocations
  1856 | D:6      | Reached skill level 4 in Transmutations
  1856 | D:6      | Reached skill level 4 in Fire Magic
  1856 | D:6      | Reached skill level 4 in Ice Magic
  1856 | D:6      | Reached skill level 4 in Air Magic
  1856 | D:6      | Reached skill level 4 in Earth Magic
  1856 | D:6      | Reached skill level 4 in Poison Magic
  1856 | D:6      | Reached skill level 4 in Invocations
  1856 | D:6      | Reached skill level 4 in Evocations
  1929 | D:8      | Reached skill level 5 in Armour
  2060 | D:9      | Found a stormy altar of Qazlal.
  2079 | D:10     | Entered Level 10 of the Dungeon
  2079 | D:10     | Noticed a troll
  2086 | D:10     | Killed a troll
  2086 | D:10     | Reached skill level 8 in Charms
  2098 | D:10     | Reached *** piety under Makhleb
  2252 | D:11     | Noticed a cyclops
  2262 | D:11     | Reached XP level 10. HP: 50/77 MP: 17/20
  2268 | D:11     | Reached skill level 7 in Spellcasting
  2270 | D:11     | Killed a cyclops
  2354 | D:11     | Noticed Maurice
  2364 | D:11     | Killed Maurice
  2364 | D:11     | Reached skill level 5 in Short Blades
  2364 | D:11     | Reached skill level 5 in Long Blades
  2364 | D:11     | Reached skill level 5 in Maces & Flails
  2364 | D:11     | Reached skill level 5 in Polearms
  2364 | D:11     | Reached skill level 5 in Staves
  2364 | D:11     | Reached skill level 5 in Slings
  2364 | D:11     | Reached skill level 5 in Bows
  2364 | D:11     | Reached skill level 5 in Crossbows
  2364 | D:11     | Reached skill level 5 in Throwing
  2364 | D:11     | Reached skill level 5 in Stealth
  2364 | D:11     | Reached skill level 5 in Shields
  2364 | D:11     | Reached skill level 5 in Unarmed Combat
  2364 | D:11     | Reached skill level 5 in Conjurations
  2364 | D:11     | Reached skill level 5 in Hexes
  2364 | D:11     | Reached skill level 5 in Summonings
  2364 | D:11     | Reached skill level 5 in Necromancy
  2364 | D:11     | Reached skill level 5 in Translocations
  2364 | D:11     | Reached skill level 5 in Transmutations
  2364 | D:11     | Reached skill level 5 in Fire Magic
  2364 | D:11     | Reached skill level 5 in Ice Magic
  2364 | D:11     | Reached skill level 5 in Air Magic
  2364 | D:11     | Reached skill level 5 in Earth Magic
  2364 | D:11     | Reached skill level 5 in Poison Magic
  2364 | D:11     | Reached skill level 5 in Invocations
  2364 | D:11     | Reached skill level 5 in Evocations
  2382 | D:11     | Found Tewast's Armour Shop.
  2382 | D:11     | Found a staircase to the Orcish Mines.
  2391 | D:11     | Found Kaepomad's Weapon Shop.
  2418 | D:11     | Bought a +0 helmet for 49 gold pieces
  2418 | D:11     | Bought a +1 pair of boots of running for 401 gold pieces
  2557 | D:11     | Noticed a seven-headed hydra
  2592 | D:11     | Found a labyrinth entrance.
  2601 | Lab      | Entered a labyrinth
  2748 | Lab      | Noticed a minotaur
  2756 | Lab      | Killed a minotaur
  2756 | Lab      | Reached skill level 7 in Fighting
  2756 | Lab      | Reached skill level 7 in Axes
  2756 | Lab      | Reached skill level 7 in Dodging
  2777 | Lab      | Got a fine quarterstaff
  2778 | Lab      | Identified the +3 quarterstaff "Suqiqiuda" {drain, Str+2} (You found it in a labyrinth)
  2805 | D:11     | Reached skill level 6 in Armour
  3018 | D:9      | Found an iron altar of Okawaru.
  3172 | D:9      | Noticed a four-headed hydra
  3178 | D:9      | Killed a four-headed hydra
  3219 | D:9      | Noticed a two-headed ogre
  3227 | D:9      | Reached XP level 11. HP: 84/84 MP: 18/22
  3228 | D:9      | Killed a two-headed ogre
  3252 | D:9      | Reached **** piety under Makhleb
  3375 | D:11     | Noticed a two-headed ogre
  3388 | D:11     | Killed a two-headed ogre
  3388 | D:11     | Reached skill level 6 in Short Blades
  3388 | D:11     | Reached skill level 6 in Long Blades
  3388 | D:11     | Reached skill level 6 in Maces & Flails
  3388 | D:11     | Reached skill level 6 in Polearms
  3388 | D:11     | Reached skill level 6 in Staves
  3388 | D:11     | Reached skill level 6 in Slings
  3388 | D:11     | Reached skill level 6 in Bows
  3388 | D:11     | Reached skill level 6 in Crossbows
  3388 | D:11     | Reached skill level 6 in Throwing
  3388 | D:11     | Reached skill level 6 in Stealth
  3388 | D:11     | Reached skill level 6 in Shields
  3388 | D:11     | Reached skill level 6 in Unarmed Combat
  3388 | D:11     | Reached skill level 6 in Conjurations
  3388 | D:11     | Reached skill level 6 in Hexes
  3388 | D:11     | Reached skill level 9 in Charms
  3388 | D:11     | Reached skill level 6 in Summonings
  3388 | D:11     | Reached skill level 6 in Necromancy
  3388 | D:11     | Reached skill level 6 in Translocations
  3388 | D:11     | Reached skill level 6 in Transmutations
  3388 | D:11     | Reached skill level 6 in Fire Magic
  3388 | D:11     | Reached skill level 6 in Ice Magic
  3388 | D:11     | Reached skill level 6 in Air Magic
  3388 | D:11     | Reached skill level 6 in Earth Magic
  3388 | D:11     | Reached skill level 6 in Poison Magic
  3388 | D:11     | Reached skill level 6 in Invocations
  3388 | D:11     | Reached skill level 6 in Evocations
  3411 | D:12     | Noticed a brown ugly thing
  3425 | D:12     | Killed a purple ugly thing
  3425 | D:12     | Reached skill level 8 in Spellcasting
  3462 | D:13     | Noticed a centaur warrior
  3466 | D:13     | Noticed an eight-headed hydra
  3633 | Orc:1    | Entered Level 1 of the Orcish Mines
  3633 | Orc:1    | Noticed a two-headed ogre
  3639 | Orc:1    | Killed a two-headed ogre
  3734 | Orc:1    | Noticed an orc knight
  3761 | Orc:1    | Killed an orc knight
  3761 | Orc:1    | Reached skill level 8 in Fighting
  3761 | Orc:1    | Reached skill level 8 in Axes
  3761 | Orc:1    | Reached skill level 7 in Armour
  3761 | Orc:1    | Reached skill level 8 in Dodging
  3826 | Orc:1    | Reached ***** piety under Makhleb
  3885 | Orc:1    | Found a frozen archway.
  3910 | Orc:1    | Learned a level 4 spell: Ice Form
  3911 | IceCv    | Entered an ice cave
  3960 | IceCv    | Reached XP level 12. HP: 86/93 MP: 15/24
  3965 | IceCv    | Got a fine ivory ring
  3967 | IceCv    | Identified the ring of the Lotus Blossom {+Fly rPois Str+3 Int+4} (You found it in an ice cave)
  4021 | IceCv    | Noticed a death yak
  4036 | IceCv    | Killed a death yak
  4081 | IceCv    | Reached skill level 7 in Short Blades
  4081 | IceCv    | Reached skill level 7 in Long Blades
  4081 | IceCv    | Reached skill level 7 in Maces & Flails
  4081 | IceCv    | Reached skill level 7 in Polearms
  4081 | IceCv    | Reached skill level 7 in Staves
  4081 | IceCv    | Reached skill level 7 in Slings
  4081 | IceCv    | Reached skill level 7 in Bows
  4081 | IceCv    | Reached skill level 7 in Crossbows
  4081 | IceCv    | Reached skill level 7 in Throwing
  4081 | IceCv    | Reached skill level 7 in Stealth
  4081 | IceCv    | Reached skill level 7 in Shields
  4081 | IceCv    | Reached skill level 7 in Unarmed Combat
  4081 | IceCv    | Reached skill level 7 in Conjurations
  4081 | IceCv    | Reached skill level 7 in Hexes
  4081 | IceCv    | Reached skill level 7 in Summonings
  4081 | IceCv    | Reached skill level 7 in Necromancy
  4081 | IceCv    | Reached skill level 7 in Translocations
  4081 | IceCv    | Reached skill level 7 in Transmutations
  4081 | IceCv    | Reached skill level 7 in Fire Magic
  4081 | IceCv    | Reached skill level 7 in Ice Magic
  4081 | IceCv    | Reached skill level 7 in Air Magic
  4081 | IceCv    | Reached skill level 7 in Earth Magic
  4081 | IceCv    | Reached skill level 7 in Poison Magic
  4081 | IceCv    | Reached skill level 7 in Invocations
  4081 | IceCv    | Reached skill level 7 in Evocations
  4282 | IceCv    | Noticed a death yak
  4282 | IceCv    | Noticed a death yak
  4282 | IceCv    | Noticed a frost giant
  4318 | IceCv    | Killed a death yak
  4325 | IceCv    | Killed a frost giant
  4325 | IceCv    | Reached skill level 9 in Spellcasting
  4359 | IceCv    | Reached skill level 8 in Armour
  4359 | IceCv    | Reached skill level 10 in Charms
  4372 | IceCv    | Killed a death yak
  4485 | Orc:1    | Reached skill level 9 in Fighting
  4485 | Orc:1    | Reached skill level 9 in Axes
  4485 | Orc:1    | Reached skill level 9 in Dodging
  4550 | Orc:2    | Entered Level 2 of the Orcish Mines
  4585 | Orc:2    | Noticed an orc warlord
  4607 | Orc:2    | Killed an orc warlord
  4607 | Orc:2    | Reached XP level 13. HP: 83/101 MP: 18/26
  4750 | Orc:2    | Noticed zero's ghost (journeyman GrBe)
  5014 | Orc:2    | Found a staircase to the Elven Halls.
  5184 | Orc:2    | Reached skill level 8 in Short Blades
  5184 | Orc:2    | Reached skill level 8 in Long Blades
  5184 | Orc:2    | Reached skill level 8 in Maces & Flails
  5184 | Orc:2    | Reached skill level 8 in Polearms
  5184 | Orc:2    | Reached skill level 8 in Staves
  5184 | Orc:2    | Reached skill level 8 in Slings
  5184 | Orc:2    | Reached skill level 8 in Bows
  5184 | Orc:2    | Reached skill level 8 in Crossbows
  5184 | Orc:2    | Reached skill level 8 in Throwing
  5184 | Orc:2    | Reached skill level 8 in Stealth
  5184 | Orc:2    | Reached skill level 8 in Shields
  5184 | Orc:2    | Reached skill level 8 in Unarmed Combat
  5184 | Orc:2    | Reached skill level 8 in Conjurations
  5184 | Orc:2    | Reached skill level 8 in Hexes
  5184 | Orc:2    | Reached skill level 8 in Summonings
  5184 | Orc:2    | Reached skill level 8 in Necromancy
  5184 | Orc:2    | Reached skill level 8 in Translocations
  5184 | Orc:2    | Reached skill level 8 in Transmutations
  5184 | Orc:2    | Reached skill level 8 in Fire Magic
  5184 | Orc:2    | Reached skill level 8 in Ice Magic
  5184 | Orc:2    | Reached skill level 8 in Air Magic
  5184 | Orc:2    | Reached skill level 8 in Earth Magic
  5184 | Orc:2    | Reached skill level 8 in Poison Magic
  5184 | Orc:2    | Reached skill level 8 in Invocations
  5184 | Orc:2    | Reached skill level 8 in Evocations
  5187 | Orc:2    | Reached ****** piety under Makhleb
  5248 | Orc:2    | Found Ixiat's Distillery.
  5248 | Orc:2    | Found Imumub's Magic Scroll Shoppe.
  5250 | Orc:2    | Found Geuwk's Distillery.
  5250 | Orc:2    | Found Qupa's Antique Weapon Shoppe.
  5261 | Orc:2    | Bought a scroll of enchant armour for 105 gold pieces
  5261 | Orc:2    | Bought a scroll of teleportation for 42 gold pieces
  5261 | Orc:2    | Bought a scroll of recharging for 133 gold pieces
  5261 | Orc:2    | Bought a scroll of teleportation for 42 gold pieces
  5261 | Orc:2    | Bought a scroll of identify for 28 gold pieces
  5261 | Orc:2    | Bought a scroll of identify for 28 gold pieces
  5267 | Orc:2    | Bought a warped longbow for 228 gold pieces
  5267 | Orc:2    | Identified the +3 longbow "Teow" {velocity, *Contam rPois Int+4} (You bought it in a shop on level 2 of the Orcish Mines)
  5271 | Orc:2    | Bought a potion of curing for 45 gold pieces
  5271 | Orc:2    | Bought a potion of curing for 45 gold pieces
  5271 | Orc:2    | Bought a potion of might for 60 gold pieces
  5271 | Orc:2    | Bought a potion of haste for 150 gold pieces
  5271 | Orc:2    | Bought a potion of might for 60 gold pieces
  5273 | Orc:2    | Bought a potion of mutation for 112 gold pieces
  5341 | D:11     | Gained mutation: You occasionally shout uncontrollably at your foes. [mutagenic glow]
  5404 | D:12     | Noticed Harold
  5414 | D:12     | Killed Harold
  5824 | D:9      | Found a shadowy altar of Dithmenos.
  5825 | D:9      | Found a bloodstained altar of Trog.
  5907 | D:8      | Found a staircase to the Lair.
  5908 | D:8      | Noticed Yermak's ghost (amateur DgTm)
  5917 | D:8      | Reached skill level 9 in Armour
  5924 | D:8      | Killed Yermak's ghost
  5972 | Lair:1   | Entered Level 1 of the Lair of Beasts
  5973 | Lair:1   | Noticed Gastronok
  5985 | Lair:1   | Killed Gastronok
  5985 | Lair:1   | Reached skill level 10 in Spellcasting
  5985 | Lair:1   | Reached XP level 14. HP: 51/109 MP: 24/28
  6016 | Lair:1   | Noticed Prince Ribbit
  6024 | Lair:1   | Killed Prince Ribbit
  6204 | Lair:3   | Found a staircase to the Snake Pit.
  6230 | Snake:1  | Entered Level 1 of the Snake Pit
  6243 | Snake:1  | Reached skill level 10 in Fighting
  6243 | Snake:1  | Reached skill level 10 in Axes
  6243 | Snake:1  | Reached skill level 10 in Dodging
  6317 | Snake:2  | Reached skill level 11 in Charms
  6326 | Snake:2  | Reached skill level 9 in Short Blades
  6326 | Snake:2  | Reached skill level 9 in Long Blades
  6326 | Snake:2  | Reached skill level 9 in Maces & Flails
  6326 | Snake:2  | Reached skill level 9 in Polearms
  6326 | Snake:2  | Reached skill level 9 in Staves
  6326 | Snake:2  | Reached skill level 9 in Slings
  6326 | Snake:2  | Reached skill level 9 in Bows
  6326 | Snake:2  | Reached skill level 9 in Crossbows
  6326 | Snake:2  | Reached skill level 9 in Throwing
  6326 | Snake:2  | Reached skill level 9 in Stealth
  6326 | Snake:2  | Reached skill level 9 in Shields
  6326 | Snake:2  | Reached skill level 9 in Unarmed Combat
  6326 | Snake:2  | Reached skill level 9 in Conjurations
  6326 | Snake:2  | Reached skill level 9 in Hexes
  6326 | Snake:2  | Reached skill level 9 in Summonings
  6326 | Snake:2  | Reached skill level 9 in Necromancy
  6326 | Snake:2  | Reached skill level 9 in Translocations
  6326 | Snake:2  | Reached skill level 9 in Transmutations
  6326 | Snake:2  | Reached skill level 9 in Fire Magic
  6326 | Snake:2  | Reached skill level 9 in Ice Magic
  6326 | Snake:2  | Reached skill level 9 in Air Magic
  6326 | Snake:2  | Reached skill level 9 in Earth Magic
  6326 | Snake:2  | Reached skill level 9 in Poison Magic
  6326 | Snake:2  | Reached skill level 9 in Invocations
  6326 | Snake:2  | Reached skill level 9 in Evocations
  6506 | Snake:2  | HP: 11/110 [salamander/halberd (9)]
  6616 | Snake:2  | Shot with a bolt by a naga sharpshooter

Vault maps used:
D:1:      scummos_arrival_gate, st_stairs_1
D:2:      grunt_temple_overflow_open, first_bread
D:3:      eat_drink_and_be_merry_uskayaw, elyvilon_altar_4
D:4:      ashenzari_altar_1, temple_hall, uniq_duvessa, uniq_edmund,
          uniq_menkaure, uniq_grinder
D:5:      lemuel_round_altar, kennysheep_boxes
D:6:      old_standard_altar, uniq_eustachio
D:7:      old_standard_altar, kennysheep_mini_moat, kennysheep_vampire_church,
          item_on_display_a
D:8:      minmay_lair_entry_grove, uniq_psyche
D:9:      gammafunk_wand_slinger, kennysheep_mini,
          chequers_temple_overflow_statue_of_worship, basic_altar,
          evilmike_minifort
D:10:     blue_anna_alchemist
D:11:     orc_david_3, lab_entry_generic, uniq_maurice
D:12:     uniq_harold
D:13:     grunt_vaults_entry_tiered, basic_altar, kennysheep_cross_bottleneck,
          eino_small_chamber_without_monster, uniq_frances
Lair:1:   lemuel_fruit_tree, uniq_gastronok, uniq_prince_ribbit2
Lair:2:   nicolae_quartered_pool_medium
Lair:3:   minmay_shoals_entry_hut, minmay_snake_entry_guardpost_small
Snake:2:  basic_stair_grate_trap
Orc:1:    portal_ice_cave_rime
Orc:2:    grunt_orc_tribal_feast
Lab:      nicolae_lab_stuck
IceCv:    ice_cave_caverns_03

Skill      XL: |  1  2  3  4  5  6  7  8  9 10 11 12 13 14 |
---------------+-------------------------------------------+-----
Spellcasting   | 5 6 7 8 9 10 | 10.5
Short Blades   | 1 2 3 4 5 6 7 8 9 |  9.3
Long Blades    | 1 2 3 4 5 6 7 8 9 |  9.3
Maces & Flails | 1 2 3 4 5 6 7 8 9 |  9.3
Polearms       | 1 2 3 4 5 6 7 8 9 |  9.3
Staves         | 1 2 3 4 5 6 7 8 9 |  9.3
Slings         | 1 2 3 4 5 6 7 8 9 |  9.3
Bows           | 1 2 3 4 5 6 7 8 9 |  9.3
Crossbows      | 1 2 3 4 5 6 7 8 9 |  9.3
Throwing       | 1 2 3 4 5 6 7 8 9 |  9.3
Stealth        | 1 2 3 4 5 6 7 8 9 |  9.3
Shields        | 1 2 3 4 5 6 7 8 9 |  9.3
Unarmed Combat | 1 2 3 4 5 6 7 8 9 |  9.3
Conjurations   | 1 2 3 4 5 6 7 8 9 |  9.3
Hexes          | 1 2 3 4 5 6 7 8 9 |  9.3
Summonings     | 1 2 3 4 5 6 7 8 9 |  9.3
Necromancy     | 1 2 3 4 5 6 7 8 9 |  9.3
Translocations | 1 2 3 4 5 6 7 8 9 |  9.3
Transmutations | 1 2 3 4 5 6 7 8 9 |  9.3
Fire Magic     | 1 2 3 4 5 6 7 8 9 |  9.3
Ice Magic      | 1 2 3 4 5 6 7 8 9 |  9.3
Air Magic      | 1 2 3 4 5 6 7 8 9 |  9.3
Earth Magic    | 1 2 3 4 5 6 7 8 9 |  9.3
Poison Magic   | 1 2 3 4 5 6 7 8 9 |  9.3
Invocations    | 1 2 3 4 5 6 7 8 9 |  9.3
Evocations     | 1 2 3 4 5 6 7 8 9 |  9.3
Armour         | 3 4 5 6 7 8 9 |  9.7
Fighting       | 5 6 7 8 9 10 | 10.3
Axes           | 5 6 7 8 9 10 | 10.3
Dodging        | 5 6 7 8 9 10 | 10.3
Charms         | 7 8 9 10 11 | 11.2

Action                   |  1- 3 |  4- 6 |  7- 9 | 10-12 | 13-15 || total
-------------------------+-------+-------+-------+-------+-------++-------
Melee: Hand axe          |    64 |       |       |       |       ||    64
       Bite              |     8 |       |    24 |    53 |    39 ||   124
       Punch             |     1 |       |     2 |    14 |    12 ||    29
       War axe           |     1 |    36 |   151 |   325 |    54 ||   567
       Unarmed           |       |       |     8 |    44 |       ||    52
       Dire flail        |       |       |       |    34 |     4 ||    38
       Dagger            |       |       |       |     1 |       ||     1
       Battleaxe         |       |       |       |    10 |       ||    10
       Broad axe         |       |       |       |       |   242 ||   242
Throw: Tomahawk          |       |       |       |     1 |       ||     1
 Cast: Infusion          |     7 |     1 |     1 |       |       ||     9
       Spectral Weapon   |     4 |     8 |    24 |    55 |    38 ||   129
       Regeneration      |       |     4 |    13 |    23 |    18 ||    58
       Shroud of Golubri |       |       |     2 |     2 |     2 ||     6
       Song of Slaying   |       |       |     1 |     1 |       ||     2
       Sticks to Snakes  |       |       |       |     3 |     8 ||    11
       Ice Form          |       |       |       |     3 |       ||     3
       Mephitic Cloud    |       |       |       |     1 |       ||     1
Invok: Lesser Servant of |       |       |       |     4 |     5 ||     9
 Abil: Evoke Invisibilit |       |       |       |     2 |     2 ||     4
       End Transformatio |       |       |       |     2 |       ||     2
Evoke: Wand              |       |     1 |    10 |    62 |    37 ||   110
  Use: Scroll            |       |     3 |    11 |    12 |    16 ||    42
       Potion            |       |       |     3 |     3 |     4 ||    10
 Stab: Sleeping          |     1 |       |     1 |     8 |     4 ||    14
       Distracted        |       |     1 |     1 |     6 |     3 ||    11
       Paralysed         |       |       |       |    11 |    10 ||    21
       Confused          |       |       |       |     8 |     1 ||     9
       Invisible         |       |       |       |     2 |     4 ||     6
  Eat: Fruit             |       |     2 |       |     1 |       ||     3
       Chunk             |       |       |     6 |     8 |    12 ||    26
       Royal jelly       |       |       |       |     1 |     2 ||     3
Armor: Leather armour    |    20 |     4 |    16 |       |       ||    40
       Skin              |       |       |    13 |     7 |       ||    20
       Troll leather arm |       |       |     7 |    92 |    96 ||   195
       Steam dragon scal |       |       |     3 |       |       ||     3
Dodge: Dodged            |    64 |    26 |   107 |   325 |   265 ||   787

Table legend:
 A = Spawn XP
 B = Non-spawn XP
 C = Spawn XP percentage of total XP
 D = Spawn monster count
 E = Non-spawn monster count
 F = Spawn count percentage of total count
 G = Total turns spent on level
                    A         B        C        D         E        F      G
               +---------+---------+-------+---------+---------+-------+---------
         Total |       0 |   78617 |   0.0 |       0 |     445 |   0.0 |  6616
               +---------+---------+-------+---------+---------+-------+---------
           D:1 |       0 |      30 |   0.0 |       0 |      17 |   0.0 |   244
           D:2 |       0 |      55 |   0.0 |       0 |      14 |   0.0 |   265
           D:3 |       0 |     150 |   0.0 |       0 |      14 |   0.0 |   369
           D:4 |       0 |    1216 |   0.0 |       0 |      21 |   0.0 |   336
           D:5 |       0 |     325 |   0.0 |       0 |      11 |   0.0 |   259
           D:6 |       0 |     540 |   0.0 |       0 |      15 |   0.0 |   190
           D:7 |       0 |     371 |   0.0 |       0 |       6 |   0.0 |   197
           D:8 |       0 |    2914 |   0.0 |       0 |      25 |   0.0 |   302
           D:9 |       0 |    2638 |   0.0 |       0 |      17 |   0.0 |   342
          D:10 |       0 |    1709 |   0.0 |       0 |      18 |   0.0 |   496
          D:11 |       0 |    5324 |   0.0 |       0 |      31 |   0.0 |   692
          D:12 |       0 |    7053 |   0.0 |       0 |      31 |   0.0 |   370
        Lair:1 |       0 |    5697 |   0.0 |       0 |      14 |   0.0 |   158
        Lair:2 |       0 |     201 |   0.0 |       0 |       1 |   0.0 |    72
        Lair:3 |       0 |    1179 |   0.0 |       0 |       6 |   0.0 |    28
       Snake:1 |       0 |    1248 |   0.0 |       0 |       3 |   0.0 |    61
       Snake:2 |       0 |   18014 |   0.0 |       0 |      36 |   0.0 |   325
         Orc:1 |       0 |    4595 |   0.0 |       0 |      58 |   0.0 |   478
         Orc:2 |       0 |   11486 |   0.0 |       0 |      60 |   0.0 |   694
           Lab |       0 |    1124 |   0.0 |       0 |       1 |   0.0 |   200
         IceCv |       0 |   12748 |   0.0 |       0 |      46 |   0.0 |   532
               +---------+---------+-------+---------+---------+-------+---------

Table legend:
 A = Turns spent in this place as a percentage of turns spent in the entire game.
 B = Non-inter-level travel turns spent in this place as a percentage of non-inter-level travel turns spent in the entire game.
 C = Inter-level travel turns spent in this place as a percentage of turns spent in this place.
 D = Turns resting spent in this place as a percentage of non-inter-level travel turns spent in this place.
 E = Turns spent auto-exploring this place as a percentage of non-inter-level travel turns spent in this place.
 F = Non-inter-level travel turns spent in this place divided by the number of levels of this place that you've seen.
                   A       B       C       D       E      F
               +-------+-------+-------+-------+-------+----------------------
         Total | 100.0 | 100.0 |   1.9 |   0.0 |   0.0 | 295.0
       Dungeon |  61.5 |  61.6 |   1.6 |   0.0 |   0.0 | 307.8
          Lair |   3.9 |   4.0 |   0.0 |   0.0 |   0.0 |  86.0
     Snake Pit |   5.8 |   5.9 |   0.0 |   0.0 |   0.0 | 193.0
  Orcish Mines |  17.7 |  17.1 |   5.0 |   0.0 |   0.0 | 556.5
     Labyrinth |   3.0 |   3.1 |   0.0 |   0.0 |   0.0 | 200.0
      Ice Cave |   8.0 |   8.2 |   0.0 |   0.0 |   0.0 | 532.0
               +-------+-------+-------+-------+-------+----------------------

Table legend:
 A = Kills in this place as a percentage of kills in entire the game.
 B = Kills by you in this place as a percentage of kills by you in the entire game.
 C = Kills by friends in this place as a percentage of kills by friends in the entire game.
 D = Other kills in this place as a percentage of other kills in the entire game.
 E = Experience gained in this place as a percentage of experience gained in the entire game.
 F = Experience gained in this place divided by the number of levels of this place that you have seen.
                   A       B       C       D       E      F
               +-------+-------+-------+-------+-------+----------------------
         Total | 100.0 | 100.0 | 100.0 | 100.0 | 100.0 | 3573.5
       Dungeon |  49.4 |  50.5 |  14.3 |   0.0 |  28.4 | 1717.3
          Lair |   4.7 |   4.8 |   0.0 |   0.0 |   9.0 | 2359.0
     Snake Pit |   8.8 |   9.0 |   0.0 |   0.0 |  24.5 | 9631.0
  Orcish Mines |  26.5 |  25.1 |  71.4 | 100.0 |  20.5 | 8040.5
     Labyrinth |   0.2 |   0.2 |   0.0 |   0.0 |   1.4 | 1124.0
      Ice Cave |  10.3 |  10.4 |  14.3 |   0.0 |  16.2 | 12748.0
               +-------+-------+-------+-------+-------+----------------------

Vault maps used:
D:1:      scummos_arrival_gate, st_stairs_1
D:2:      grunt_temple_overflow_open, first_bread
D:3:      eat_drink_and_be_merry_uskayaw, elyvilon_altar_4
D:4:      ashenzari_altar_1, temple_hall, uniq_duvessa, uniq_edmund,
          uniq_menkaure, uniq_grinder
D:5:      lemuel_round_altar, kennysheep_boxes
D:6:      old_standard_altar, uniq_eustachio
D:7:      old_standard_altar, kennysheep_mini_moat, kennysheep_vampire_church,
          item_on_display_a
D:8:      minmay_lair_entry_grove, uniq_psyche
D:9:      gammafunk_wand_slinger, kennysheep_mini,
          chequers_temple_overflow_statue_of_worship, basic_altar,
          evilmike_minifort
D:10:     blue_anna_alchemist
D:11:     orc_david_3, lab_entry_generic, uniq_maurice
D:12:     uniq_harold
D:13:     grunt_vaults_entry_tiered, basic_altar, kennysheep_cross_bottleneck,
          eino_small_chamber_without_monster, uniq_frances
Lair:1:   lemuel_fruit_tree, uniq_gastronok, uniq_prince_ribbit2
Lair:2:   nicolae_quartered_pool_medium
Lair:3:   minmay_shoals_entry_hut, minmay_snake_entry_guardpost_small
Snake:2:  basic_stair_grate_trap
Orc:1:    portal_ice_cave_rime
Orc:2:    grunt_orc_tribal_feast
Lab:      nicolae_lab_stuck
IceCv:    ice_cave_caverns_03
